 Dungeon Crawl Stone Soup version 0.16-a0-3728-gc6b4a4b (webtiles) character file.

6706 Herrn the Frost Mage (level 11, -5/100 HPs)
             Began as a Gargoyle Ice Elementalist on Jan 22, 2015.
             Was a Priest of Cheibriados.
             Slain by a hill giant
             ... wielding a +0 giant spiked club
              (16 damage)
             ... on level 11 of the Dungeon.
             The game lasted 01:22:26 (15098 turns).

Herrn the Frost Mage (Gargoyle Ice Elementalist)   Turns: 15098, Time: 01:22:27

Health: -5/100     AC: 33    Str: 21    XL:     11   Next: 3%
Magic:  22/22      EV:  2    Int: 26    God:    Cheibriados [***...]
Gold:   463        SH:  0    Dex: 18    Spells: 5 memorised, 3 levels left

rFire  . . .     SeeInvis .     M - +0 battleaxe
rCold  + . .     Clarity  .     O - melded +1 robe of Fortitude {rElec rN++}
rNeg   + + +     SustAb   .     (no shield)
rPois  ∞         Gourm    .     (helmet currently unavailable)
rElec  .         Spirit   .     h - melded +1 cloak {MR+}
rCorr  .         Warding  .     (gloves currently unavailable)
rMut   .         NoTele   +     (boots currently unavailable)
MR     .....                    (no amulet)
Stlth  +++.......               t - ring of protection from cold
                                Q - ring of Robustness {AC+8}

@: tree-form, very slow, not resistant to hostile enchantments, fairly stealthy
A: negative energy resistance 1, (electricity resistance), (unbreathing),
petrification resistance, rot immunity, AC +7
a: Bend Time, Temporal Distortion, Renounce Religion


You were on level 11 of the Dungeon.
You worshipped Cheibriados.
Cheibriados was most pleased with you.
You were not hungry.
You were a tree.
You visited 2 branches of the dungeon, and saw 11 of its levels.
You also visited: Sewer.

You collected 463 gold pieces.

Inventory:

Hand weapons
 c - a +0 whip of electrocution
 I - a +1 spear of venom
 M - a +0 battleaxe (weapon)
 N - the +5 quarterstaff of Joyful Slaughter {venom, *Tele +Fly Dex+6}
   (You found it on level 7 of the Dungeon)

   It poisons the flesh of those it strikes.
   It affects your dexterity (+6).
   It lets you fly.
   It causes random teleportation.
Armour
 h - a +1 cloak of magic resistance (melded)
 O - the +1 robe of Fortitude (melded) {rElec rN++}
   (You found it on level 6 of the Dungeon)

   It insulates you from electricity.
   It greatly protects you from negative energy.
 P - a +1 leather armour of magic resistance
Jewellery
 g - an uncursed ring of protection from cold
 q - an uncursed ring of protection from fire
 t - a ring of protection from cold (right branch)
 u - an uncursed ring of poison resistance {unknown}
 B - an uncursed amulet of guardian spirit
 Q - the ring of Robustness (left branch) {AC+8}
   (You found it on level 7 of the Dungeon)

   [ring of protection]

   It affects your AC (+8).
Magical devices
 f - a wand of fire (0)
 n - a wand of flame (3)
 L - a wand of digging (7)
Scrolls
 a - a scroll of silence {unknown}
 b - a scroll of enchant armour {unknown}
 e - 2 scrolls of recharging
 k - 5 scrolls of remove curse
 l - 2 scrolls of amnesia
 o - a scroll of immolation {unknown}
 p - a scroll of noise {unknown}
 r - 3 scrolls of enchant weapon
 s - a scroll of fog {unknown}
 F - 2 scrolls of magic mapping {unknown}
 G - 2 scrolls of blinking {unknown}
 T - a scroll of random uselessness {unknown}
 W - a scroll of torment {unknown}
Potions
 i - a potion of curing
 x - a potion of brilliance {unknown}
 A - a potion of beneficial mutation {unknown}
 C - a potion of magic {unknown}
 J - a potion of berserk rage {unknown}
Books
 D - a book of Alchemy

   Spells                             Type                      Level
   a - Sublimation of Blood           Necromancy                   2
   b - Alistair's Intoxication        Transmutation/Poison         4
   c - Condensation Shield            Ice                          4
   d - Petrify                        Transmutation/Earth          4
   e - Ignite Poison                  Fire/Transmutation           5
   f - Irradiate                      Conjuration/Transmutation    5
 K - a book of Ice

   Spells                             Type                      Level
   a - Ice Form                       Ice/Transmutation            4
   b - Metabolic Englaciation         Hexes/Ice                    5
   c - Ozocubu's Refrigeration        Ice                          6
   d - Bolt of Cold                   Conjuration/Ice              6
   e - Freezing Cloud                 Conjuration/Ice/Air          6
   f - Simulacrum                     Ice/Necromancy               6
Comestibles
 d - 6 meat rations
 j - 2 chunks of flesh
 E - 2 beef jerkies
 H - 6 bread rations


   Skills:
 * Level 7.6 Fighting
 * Level 5.0 Axes
 - Level 1.5 Armour
 + Level 7.1 Dodging
 - Level 2.1 Stealth
 + Level 4.7 Spellcasting
 - Level 7.0 Conjurations
 - Level 8.0 Ice Magic


You had 3 spell levels left.
You knew the following spells:

 Your Spells              Type           Power        Failure   Level  Hunger
a - Freeze                Ice            ####         1%          1    None
b - Throw Frost           Conj/Ice       #####.       1%          2    None
c - Ozocubu's Armour      Chrm/Ice       ####....     6%          3    ##.....
d - Bolt of Cold          Conj/Ice       #####.....   63%         6    #######
e - Condensation Shield   Ice            #####.....   3%          4    ####...


Dungeon Overview and Level Annotations

Branches:
Dungeon (11/15)            Temple (1/1) D:6
   Lair: D:8-11         Orc: D:9-12

Altars:
Ashenzari
Cheibriados
Dithmenos
Elyvilon
Fedhas
Gozag
Kikubaaqudgha
Makhleb
Nemelex Xobeh
Okawaru
Qazlal
Ru
Sif Muna
Trog
Vehumet
Xom
Yredelemnul
Zin
The Shining One

Shops:
D:5 :

Annotations:
D:4 Dowan, Duvessa
D:9 Gastronok


Innate Abilities, Weirdness & Mutations

You are resistant to torment.
You are immune to poison.
((Your stone body is very resilient (AC +7).))
You resist negative energy.
((You are resistant to electric shocks.))
((You can survive without breathing.))
You are immune to petrification.
You are immune to rotting.


Message History

The hill giant is lightly wounded.
The hill giant hits you but does no damage.
The hill giant hits you with a giant spiked club!!
You hit the hill giant but do no damage.
The hill giant is lightly wounded.
The hill giant hits you with a giant spiked club!
You slash the hill giant!
The hill giant is moderately wounded.
The hill giant hits you but does no damage.
You barely miss the hill giant.
The hill giant is moderately wounded.
The hill giant hits you with a giant spiked club.
You hit the hill giant.
The hill giant is moderately wounded.
The hill giant hits you with a giant spiked club!!
* * * LOW HITPOINT WARNING * * *
You hit the hill giant.
The hill giant is moderately wounded.
The hill giant hits you with a giant spiked club!
You die...

..#. #...#.. #...#.#
#...#.. #...#.#
#...#.# #...#.#
#..###...#.####
+#.......♣.....+
#.......####C#.####
#............#.###
#.........####...###
#..................#
#....).............#
#..................#
#..................#
#..................#


You could see a hill giant.

Vanquished Creatures
  The ghost of MrRokkomies the Basher, an experienced GrFi of Ashenzari (D:9)
  Pikel (D:3)
  Maurice (D:8)
  Grinder (D:6)
  A spriggan (D:8)
  A wraith (D:7)
  Eustachio (D:7)
  A wyvern (D:8)
  Grum (D:8)
  2 steam dragons (D:8)
  A hungry ghost (D:8)
  2 wolves (D:8)
  2 ogres
  4 slaves
  2 orc warriors (D:8)
  2 phantoms (D:8)
  3 sky beasts
  3 black bears
  An ice beast (D:8)
  A centaur (D:5)
  7 giant frogs
  A water moccasin skeleton (D:8)
  4 scorpions
  3 killer bees (D:8)
  An electric eel (D:9)
  2 goliath beetles (D:7)
  5 crimson imps
  A quasit (D:8)
  7 orc priests
  A jelly (D:11)
  2 hounds (D:8)
  A centaur skeleton (D:5)
  3 iguanas
  A black bear zombie (D:7)
  2 gnoll shamans
  5 orc wizards
  6 worker ants
  Ijyb (D:4)
  A worker ant zombie (D:5)
  24 gnolls
  13 adders
  A shadow imp (D:7)
  7 giant mites
  An adder zombie (D:7)
  2 adder skeletons
  16 giant geckos
  9 oozes (Sewer)
  31 orcs
  10 bats
  A bat zombie (D:5)
  14 giant cockroaches
  13 goblins
  16 hobgoblins
  13 jackals
  2 quokkas
  15 ball pythons
  A giant gecko skeleton (D:6)
  16 giant newts
  A giant spore (D:6)
  15 kobolds
  19 rats
  A ballistomycete (D:6)
327 creatures vanquished.

Vanquished Creatures (others)
  A giant spore (D:9)
1 creature vanquished.

Grand Total: 328 creatures vanquished

Notes
Turn   | Place    | Note
--------------------------------------------------------------
     0 | D:1      | Herrn, the Gargoyle Ice Elementalist, began the quest for the Orb.
     0 | D:1      | Reached XP level 1. HP: 10/10 MP: 3/3
   495 | D:1      | Reached XP level 2. HP: 14/16 MP: 0/4
   649 | D:1      | Learned a level 2 spell: Throw Frost
  1244 | D:2      | Reached XP level 3. HP: 20/20 MP: 4/6
  2029 | D:2      | Reached skill level 4 in Ice Magic
  2030 | D:2      | Reached XP level 4. HP: 15/24 MP: 0/7
  2365 | D:3      | Reached skill level 1 in Fighting
  2447 | D:3      | Found a glowing golden altar of the Shining One.
  2791 | D:3      | Reached XP level 5. HP: 29/29 MP: 5/9
  2830 | D:3      | Learned a level 3 spell: Ozocubu's Armour
  3757 | D:4      | Noticed Ijyb
  3826 | D:4      | Killed Ijyb
  3826 | D:4      | Reached skill level 5 in Ice Magic
  3871 | D:4      | Noticed a slave
  3875 | D:4      | Noticed a slave
  3888 | D:3      | Killed a slave
  4012 | D:3      | Killed a slave
  4190 | D:4      | Noticed Pikel
  4286 | D:4      | Noticed a phantom
  4494 | D:4      | Noticed Duvessa
  4494 | D:4      | Noticed Dowan
  4697 | D:4      | Noticed a slave
  4698 | D:4      | Noticed a slave
  4718 | D:4      | Killed a slave
  4857 | D:4      | Reached XP level 6. HP: 28/35 MP: 4/10
  5075 | D:4      | Killed a slave
  5378 | D:3      | Killed Pikel
  5378 | D:3      | Reached skill level 6 in Ice Magic
  5378 | D:3      | Reached XP level 7. HP: 12/41 MP: 0/12
  5967 | D:5      | Entered Level 5 of the Dungeon
  5968 | D:5      | Found a glowing drain.
  5989 | D:5      | Reached XP level 8. HP: 46/46 MP: 6/13
  6053 | Sewer    | Entered a sewer
  6293 | Sewer    | Reached skill level 7 in Ice Magic
  7203 | D:5      | Found Ramufaj's Book Emporium.
  7463 | D:5      | Found a burning altar of Makhleb.
  7463 | D:5      | Noticed a cacodemon
  7706 | D:5      | Reached skill level 5 in Conjurations
  7828 | D:5      | Reached skill level 5 in Fighting
  7828 | D:5      | Reached skill level 5 in Dodging
  8216 | D:5      | Reached XP level 9. HP: 49/54 MP: 5/14
  8640 | D:6      | Learned a level 6 spell: Bolt of Cold
  8642 | D:6      | Noticed Grinder
  8851 | D:6      | Found a staircase to the Ecumenical Temple.
  8872 | D:6      | Reached skill level 1 in Axes
  8885 | Temple   | Entered the Ecumenical Temple
  8961 | D:6      | Paralysed by Grinder for 6 turns
  8985 | D:6      | Paralysed by Grinder for 3 turns
  9002 | D:6      | Killed Grinder
  9002 | D:6      | Reached skill level 1 in Armour
  9242 | D:6      | Got a wizard robe
  9253 | D:6      | Identified the +1 robe of Fortitude {rElec rN++} (You found it on level 6 of the Dungeon)
  9794 | D:7      | Got a translucent quarterstaff
  9795 | D:7      | Identified the +5 quarterstaff of Joyful Slaughter {venom, *Tele +Fly Dex+6} (You found it on level 7 of the Dungeon)
  9874 | D:7      | Found a white marble altar of Elyvilon.
  9999 | D:7      | Noticed Eustachio
 10014 | D:7      | Killed Eustachio
 10271 | D:7      | Reached skill level 8 in Ice Magic
 10708 | D:7      | Found a snail-covered altar of Cheibriados.
 10731 | D:7      | Became a worshipper of Cheibriados the Contemplative
 11731 | D:8      | Reached XP level 10. HP: 36/60 MP: 16/18
 11964 | D:8      | Noticed Grum
 11983 | D:8      | Killed Grum
 12162 | D:8      | Got an iridescent flail
 12163 | D:8      | Identified the cursed -2 flail of the Maze {pain, HP+9 Str+4} (You found it on level 8 of the Dungeon)
 12818 | D:8      | Noticed Maurice
 13093 | D:8      | Found a shadowy altar of Dithmenos.
 13785 | D:8      | Learned a level 4 spell: Condensation Shield
 14037 | D:8      | Killed Maurice
 14081 | D:9      | Found a bloodstained altar of Trog.
 14084 | D:9      | Acquired Cheibriados' first power
 14240 | D:9      | Noticed MrRokkomies' ghost (experienced GrFi)
 14284 | D:9      | Killed MrRokkomies' ghost
 14284 | D:9      | Reached XP level 11. HP: 27/67 MP: 22/22
 14469 | D:9      | Found a sparkling altar of Nemelex Xobeh.
 14813 | D:9      | Noticed Gastronok
 14819 | D:9      | Reached skill level 5 in Axes
 14840 | D:9      | You fall through a shaft!
 15090 | D:11     | Noticed a hill giant
 15098 | D:11     | Slain by a hill giant

Action                   |  1- 3 |  4- 6 |  7- 9 | 10-12 || total
-------------------------+-------+-------+-------+-------++-------
Melee: Unarmed           |    22 |    28 |       |       ||    50
       Whip              |       |       |    15 |       ||    15
       Spear             |       |       |   260 |   153 ||   413
       Quarterstaff      |       |       |    46 |       ||    46
       Hand axe          |       |       |     1 |       ||     1
       Battleaxe         |       |       |       |   212 ||   212
 Cast: Freeze            |    57 |   145 |   271 |    45 ||   518
       Throw Frost       |       |     8 |    17 |     7 ||    32
       Ozocubu's Armour  |       |       |     1 |     2 ||     3
       Condensation Shie |       |       |       |     3 ||     3
Evoke: Wand              |       |     1 |     8 |     1 ||    10
  Use: Potion            |       |     2 |       |     5 ||     7
       Scroll            |       |       |     9 |     2 ||    11
 Stab: Sleeping          |       |       |     3 |     5 ||     8
  Eat: Chunk             |     3 |     5 |    23 |     7 ||    38
       Bread ration      |       |     2 |       |       ||     2
       Fruit             |       |       |     2 |       ||     2
       Pizza             |       |       |     1 |     1 ||     2
       Beef jerky        |       |       |       |     1 ||     1
